 Dungeon Crawl Stone Soup version 0.27.0-66-gdc8fb28755 (webtiles) character file.

Game seed: 4899476396980907627

67 eliilek the Cudgeller (level 4, 0/40 HPs)
             Began as a Minotaur Berserker on Aug 20, 2021.
             Was a Follower of Trog.
             Killed by nerve-wracking pain
             ... invoked by an orc priest
              (13 damage)
             ... on level 3 of the Dungeon.
             The game lasted 00:05:51 (2851 turns).

eliilek the Cudgeller (Minotaur Berserker)          Turns: 2851, Time: 00:05:54

Health: 0/40       AC:  9    Str: 22    XL:     4   Next: 0%
Magic:  3/3        EV:  6    Int:  4    God:    Trog [*.....]
Gold:   9          SH:  8    Dex: 10    Spells: 3/3 levels left

rFire    . . .     SeeInvis .   a - +0 mace
rCold    . . .     Faith    .   g - +0 kite shield
rNeg     . . .     Spirit   .   b - +0 chain mail
rPois    .         Reflect  .   (helmet restricted)
rElec    .         Harm     .   (no cloak)
rCorr    .         Rampage  .   (no gloves)
Will     .....                  (no boots)
Stlth    ..........             (no amulet)
HPRegen  0.13/turn              (no ring)
MPRegen  0.08/turn              (no ring)

@: lethally poisoned (0 -> -29)
A: horns 2, retaliatory headbutt
a: Renounce Religion, Berserk


You were on level 3 of the Dungeon.
You worshipped Trog.
Trog was aware of your devotion.
You visited 1 branch of the dungeon, and saw 3 of its levels.

You collected 91 gold pieces.
You spent 82 gold pieces at shops.

Inventory:

Hand Weapons
 a - a +0 mace (weapon)
Missiles
 e - 29 stones (quivered)
Armour
 b - a +0 chain mail (worn)
 g - a +0 kite shield (worn)
Jewellery
 n - a +4 ring of evasion
Scrolls
 c - 3 scrolls of identify
 f - a scroll of enchant weapon {unknown}
 h - 2 scrolls of fog {unknown}
 i - a scroll of silence {unknown}
 j - a scroll of enchant armour {unknown}
 l - a scroll of noise {unknown}
Potions
 d - a potion of brilliance {unknown}
 k - a potion of mutation {unknown}
 m - a potion of heal wounds {unknown}
 o - a potion of cancellation {unknown}


   Skills:
 + Level 4.2 Fighting
 * Level 4.7 Maces & Flails
 - Level 2.7 Armour
 - Level 2.5 Dodging
 * Level 1.8 Shields


You had 3 spell levels left.
You didn't know any spells.
Your spell library was empty.

Dungeon Overview and Level Annotations

Branches:
Dungeon (3/15)

Altars:

Shops:
D:1 [[[(*   D:2 *


Innate Abilities, Weirdness & Mutations

You have a pair of horns on your head.
You reflexively headbutt those who attack you in melee.


Message History

Found a ring mail.
You see here a +0 ring mail.
You open the door.
There is an open door here.
o - a fuming inky potion
There is an entrance to Foulu Jyu's Assorted Antiques here.
Done exploring.
Done exploring.
Search for what [Enter for "."]? .
There is a stone staircase leading down here.
You climb downwards.
There is a stone staircase leading up here.
An orc priest comes into view.
It is wielding a +2 short sword of venom.
The orc priest shouts!
An orc comes into view. It is wielding a +0 hand axe.
The orc priest hits you with a +2 short sword of venom.
You are poisoned.
You closely miss the orc priest.
You feel very sick.
The orc priest looks satisfied for a moment.
You hit the orc priest but do no damage.
You feel sick. The orc priest barely misses you.
You closely miss the orc priest. You headbutt the orc priest!
The orc priest is severely wounded.
You feel very sick.
The orc priest hits you but does no damage. x2
You are more poisoned.
You completely miss the orc priest.
The orc priest is severely wounded.
You feel very sick.
The orc priest hits you with a +2 short sword of venom.
You are lethally poisoned!
You closely miss the orc priest.
The orc priest is severely wounded.
You feel extremely sick.
The orc priest hits you but does no damage.
You are more poisoned.
The orc priest calls down the wrath of Beogh upon you.
Pain shoots through your body!
You die...

############
#.o........o
#@##########
#.# #.# #.#
###.# #...#
###.#.#
#...###
#.###


You could see an orc priest.

Vanquished Creatures
  4 gnolls (D:2)
  2 dart slugs (D:1)
  4 ball pythons
  2 endoplasms
  A goblin (D:1)
  4 hobgoblins
  A quokka (D:1)
  A bat (D:2)
  A frilled lizard (D:1)
  6 kobolds
  A rat (D:1)
27 creatures vanquished.

Notes
Turn   | Place    | Note
-------+----------+-------------------------------------------
     0 | D:1      | eliilek the Minotaur Berserker began the quest for the Orb.
     0 | D:1      | Reached XP level 1. HP: 19/19 MP: 0/0
    24 | D:1      | Found Muixzim's Armour Shop.
   135 | D:1      | Found Nacs's Antique Armour Shop.
   557 | D:1      | Reached XP level 2. HP: 21/27 MP: 1/1
   868 | D:1      | Found Battual's General Store.
   882 | D:1      | Bought a scroll of identify for 28 gold pieces
   971 | D:1      | Found a faded altar of an unknown god.
   996 | D:1      | Found Ytzoowa's Weapon Shop.
  1018 | D:1      | Found Renusal's Armour Boutique.
  1026 | D:1      | Bought a +0 kite shield for 54 gold pieces
  1843 | D:2      | Found Foulu Jyu's Assorted Antiques.
  1932 | D:2      | Reached skill level 1 in Shields
  1932 | D:2      | Reached XP level 3. HP: 33/33 MP: 2/2
  2551 | D:2      | Reached XP level 4. HP: 40/40 MP: 3/3
  2851 | D:3      | Killed from afar by an orc priest

Illustrated notes

Levels and vault maps discovered:
D:1:      dpeg_arrival_pits, layout_basic, shapermc_ecumenical_altar_flowoftime,
          serial_shops, nicolae_square_shop, nicolae_square_shop,
          nicolae_diamond_shop, shop, shop_coins
D:2:      layout_basic, serial_shops, shop, corexii_leaking_fountain
D:3:      layout_basic, lightli_temple_of_fire

Skill      XL: |  1  2 |
---------------+-------+-----
Maces & Flails | 4 |  4.7
Fighting       | 4 |  4.2
Shields        | 1 |  1.8
Armour         | |  2.7
Dodging        | |  2.5

Action                   |  1- 3 |  4- 6 || total
-------------------------+-------+-------++-------
Melee: Mace              |    69 |     5 ||    74
       Headbutt          |     9 |     1 ||    10
Throw: Stone             |     5 |       ||     5
Invok: Berserk           |     1 |       ||     1
  Use: Potion            |     1 |       ||     1
Armor: Animal skin       |     1 |       ||     1
       Ring mail         |     2 |       ||     2
       Chain mail        |       |     3 ||     3
Dodge: Dodged            |    30 |     1 ||    31
Block: Kite shield       |    14 |       ||    14
